 Dungeon Crawl Stone Soup version 0.29.0-5-ge4962eb29e (webtiles) character file.

Game seed: 2609115473566153593

492 Gabide the Grave Robber (level 6, -2/47 HPs)
             Began as a Mummy Necromancer on Aug 29, 2022.
             Killed from afar by Sigmund (16 damage)
             ... with a puff of flame
             ... on level 5 of the Dungeon.
             The game lasted 00:15:06 (4923 turns).

Gabide the Grave Robber (Mummy Necromancer)         Turns: 4923, Time: 00:15:07

Health: -2/47      AC:  4    Str: 12    XL:     6   Next: 91%
Magic:  0/19       EV: 12    Int: 16    God:
Gold:   121        SH:  0    Dex: 12    Spells: 3/11 levels left

rFire   x . .      SeeInvis .   s - +0 dagger (elec)
rCold   + . .      Faith    .   (no shield)
rNeg    + + +      Spirit   .   l - +0 robe
rPois   ∞          Reflect  .   (no helmet)
rElec   .          Harm     .   (no cloak)
rCorr   .          Rampage  .   (no gloves)
Will    .....                   h - +1 pair of boots
Stlth   ++........              t - amulet of the acrobat
HPRegen 0.15/turn               p - ring of magical power
MPRegen 0.16/turn               (no ring)

@: no status effects
A: cold resistance 1, negative energy resistance 3, torment resistance 2, heat
vulnerability 1, in touch with death 1, no potions
a: no special abilities


You were on level 5 of the Dungeon.
You visited 1 branch of the dungeon, and saw 5 of its levels.

You collected 321 gold pieces.
You spent 200 gold pieces at shops.

Inventory:

Hand Weapons
 a - a +1 vampiric short sword
 s - a +0 dagger of electrocution (weapon)
Missiles
 x - 3 boomerangs of dispersal
Armour
 h - a +1 pair of boots (worn)
 l - a +0 robe (worn)
Jewellery
 p - a ring of magical power (left hand)
 t - an amulet of the acrobat (around neck)
 v - a +4 ring of protection
Wands
 w - a wand of iceblast (10)
Scrolls
 b - a scroll of teleportation
 c - a scroll of amnesia
 e - a scroll of magic mapping
 f - a scroll of vulnerability
 k - a scroll of silence
 m - a scroll of summoning {unknown}
 n - a scroll of enchant weapon {unknown}
 o - a scroll of blinking {unknown}
 q - a scroll of fog {unknown}
 r - a scroll of immolation {unknown}
 u - a scroll of noise {unknown}


   Skills:
 - Level 3.0 Fighting
 + Level 2.3 Short Blades
 - Level 3.0 Dodging
 - Level 2.0 Stealth
 - Level 3.0 Spellcasting
 - Level 6.0 Necromancy


You had 3 spell levels left.
You knew the following spells:

 Your Spells              Type           Power      Damage    Failure   Level
a - Necrotise             Necr           100%       1d9       1%          1
b - Vampiric Draining     Necr           32%        2d8       4%          3
c - Animate Dead          Necr           32%        N/A       16%         4

Your spell library contained the following spells:

 Spells                   Type           Power      Damage    Failure   Level
 Freeze                   Ice            8%         1d3       19%         1
 Magic Dart               Conj           8%         1d3       19%         1
 Ensorcelled Hibernation  Hex/Ice        4%         N/A       28%         2
 Passwall                 Tmut/Erth      1%         N/A       28%         2
 Poisonous Vapours        Pois/Air       4%         N/A       28%         2
 Searing Ray              Conj           4%         2d4       28%         2
 Frozen Ramparts          Ice            4%         1d1       50%         3
 Swiftness                Air            2%         N/A       50%         3
 Agony                    Necr           32%        N/A       41%         5
 Corpse Rot               Necr/Pois/Air  13%        N/A       63%         4
 Fulminant Prism          Conj/Hex       1%         3d6       88%         4
 Hailstorm                Conj/Ice       2%         3d3       88%         4


Dungeon Overview and Level Annotations

Branches:
Dungeon (5/15)
 Temple: D:4-7

Altars:

Shops:
D:3 =:   D:4 (

Annotations:
D:5 Sigmund


Innate Abilities, Weirdness & Mutations

You are immune to poison.
Your flesh is cold resistant. (rC+)
You are immune to negative energy. (rN+++)
You are immune to unholy pain and torment.
You are vulnerable to heat. (rF-)
You are in touch with the powers of death.
You do not drink.


Message History

You hit the iguana but do no damage. The iguana bites you!
Casting: Vampiric Draining (dangerous; 4% risk of failure)
Confirm with . or Enter, or press ? or * to list all spells.
Aiming: Vampiric Draining (dangerous; 4% risk of failure)
Press: ? - help, Shift-Dir - straight line, f - iguana
Aim: an iguana You feel a surge of power!
You draw life force from the iguana!
You feel life coursing into your body. The iguana barely misses you.
Casting: Vampiric Draining (dangerous; 4% risk of failure)
Confirm with . or Enter, or press ? or * to list all spells.
Aiming: Vampiric Draining (dangerous; 4% risk of failure)
Press: ? - help, Shift-Dir - straight line, f/p - iguana
Aim: an iguana (severely wounded)
You feel a surge of power!
You draw life force from the iguana.
You feel life coursing into your body.
A magic dart appears from out of thin air!
The magic dart hits you! The iguana misses you.
Casting: Vampiric Draining (dangerous; 4% risk of failure)
Confirm with . or Enter, or press ? or * to list all spells.
Aiming: Necrotise (safe; 1% risk of failure)
Press: ? - help, Shift-Dir - straight line, f/p - iguana
Aim: an iguana (almost dead, chance to affect: 88%)
You feel a surge of power!
The iguana writhes in agony.
The iguana bites you.
You hear a zap.
A puff of flame appears from out of thin air!
The puff of flame hits you! The fire burns you terribly!
* * * LOW HITPOINT WARNING * * *
Unknown command.
Casting: Necrotise (safe; 1% risk of failure)
Confirm with . or Enter, or press ? or * to list all spells.
Aiming: Necrotise (safe; 1% risk of failure)
Press: ? - help, Shift-Dir - straight line, f/p - iguana
Aim: an iguana (almost dead, chance to affect: 88%)
You feel a surge of power!
The iguana writhes in agony!
You kill the iguana!
The dead are walking!
You hear a zap.
A puff of flame appears from out of thin air!
The puff of flame hits you! The fire burns you terribly!
You die...

##.....##
##...{...##
#.........####..@
+.........'......
#.........####...
##.......##
##.....##
##.....##
######'##@.#
≈≈≈≈........#
...$#######Z# ##
#.# #.. #..# #..#
#.## #..


You could see a friendly iguana skeleton.

Vanquished Creatures
  A howler monkey (D:2)
  2 jellies
  2 hounds (D:4)
  An orc priest (D:4)
  2 iguanas
  Jessica (D:3)
  10 gnolls
  6 adders
  2 worms
  12 orcs
  5 ball pythons
  2 bats
  3 endoplasms
  5 giant cockroaches
  5 hobgoblins
  2 jackals (D:2)
  6 quokkas
  2 frilled lizards
  8 goblins
  9 kobolds
  2 rats (D:3)
88 creatures vanquished.

Vanquished Creatures (collateral kills)
  A gnoll (D:3)
1 creature vanquished.

Grand Total: 89 creatures vanquished

Notes
Turn   | Place    | Note
-------+----------+-------------------------------------------
     0 | D:1      | Gabide the Mummy Necromancer began the quest for the Orb.
     0 | D:1      | Reached XP level 1. HP: 13/13 MP: 4/4
   377 | D:1      | Reached XP level 2. HP: 19/19 MP: 2/5
   731 | D:1      | Found a faded altar of an unknown god.
  1155 | D:2      | Gained mutation: You are in touch with the powers of death.
                  | [Mummy growth]
  1155 | D:2      | Reached XP level 3. HP: 24/24 MP: 4/7
  1377 | D:2      | Reached skill level 1 in Fighting
  1377 | D:2      | Reached XP level 4. HP: 32/32 MP: 1/8
  1499 | D:2      | Learned a level 3 spell: Vampiric Draining
  1515 | D:2      | Reached skill level 5 in Necromancy
  2097 | D:3      | Found Lumpaesch's Jewellery Boutique.
  2688 | D:3      | Reached XP level 5. HP: 32/38 MP: 2/9
  2819 | D:3      | Bought a ring of magical power for 200 gold pieces
  3103 | D:3      | Found Boijast's Book Emporium.
  3329 | D:3      | Reached skill level 6 in Necromancy
  3513 | D:3      | Noticed Jessica
  3515 | D:3      | Killed Jessica
  3576 | D:3      | Reached XP level 6. HP: 46/46 MP: 10/10
  4068 | D:4      | Reached skill level 1 in Short Blades
  4195 | D:4      | Found Ummir's Weapon Shoppe.
  4736 | D:5      | Entered Level 5 of the Dungeon
  4760 | D:5      | Learned a level 4 spell: Animate Dead
  4868 | D:5      | Noticed Sigmund
  4923 | D:5      | Killed from afar by Sigmund

Illustrated notes

Levels and vault maps discovered:
D:1:      psy_arrival_basics, layout_rooms, dreamdust_ecumenical_altar_grove
D:2:      layout_basic
D:3:      layout_basic, serial_shops, shop, shop_coins, kennysheep_jessica_study
D:4:      layout_loops_cross, serial_shops, shop, roderic_lattice_a
D:5:      layout_loops_corners, mainiacjoe_overflow_concentric_impassable,
          nicolae_overflow_squiral, nicolae_elemental_shop, uniq_sigmund,
          uniq_edmund

Skill      XL: |  1  2  3  4  5  6 |
---------------+-------------------+-----
Spellcasting   | 3 |  3.0
Fighting       | 1 2 3 |  3.0
Dodging        | 2 3 |  3.0
Stealth        | 2 |  2.0
Necromancy     | 5 6 |  6.0
Short Blades   | 2 |  2.3

Action                   |  1- 3 |  4- 6 || total
-------------------------+-------+-------++-------
Melee: Short sword       |     9 |       ||     9
       Dagger            |       |     8 ||     8
 Cast: Necrotise         |    48 |   135 ||   183
       Vampiric Draining |       |    17 ||    17
  Use: Scroll            |     1 |    10 ||    11
Armor: Robe              |     3 |     7 ||    10
Dodge: Dodged            |    20 |    39 ||    59
